 Dungeon Crawl Stone Soup version 0.27.1 (webtiles) character file.

Game seed: 4467689755682519173

242 Ishikawa the Magician (level 5, 0/36 (40) HPs)
             Began as a Demigod Hedge Wizard on Aug 20, 2021.
             Slain by an orc wizard (4 damage)
             ... on level 7 of the Dungeon.
             The game lasted 00:13:17 (4464 turns).

Ishikawa the Magician (Demigod Hedge Wizard)        Turns: 4464, Time: 00:13:17

HP:   0/36 (40)     AC:  3    Str: 11    XL:     5   Next: 52%
MP:   12/13         EV: 12    Int: 20    God:
Gold: 220           SH:  0    Dex: 13    Spells: 3/11 levels left

rFire    . . .     SeeInvis .   n - +2 dagger (pain)
rCold    . . .     Faith    .   (no shield)
rNeg     . . .     Spirit   .   b - +0 robe
rPois    +         Reflect  .   c - +0 hat
rElec    .         Harm     .   f - +0 cloak
rCorr    .         Rampage  .   (no gloves)
Will     .....                  (no boots)
Stlth    ++........             (no amulet)
HPRegen  0.12/turn              p - ring of poison resistance
MPRegen  0.13/turn              (no ring)

@: studying Axes, heavily drained
A: high mp 1, forlorn
a: no special abilities


You were on level 7 of the Dungeon.
You visited 1 branch of the dungeon, and saw 5 of its levels.

You collected 220 gold pieces.

Inventory:

Hand Weapons
 n - a +2 dagger of pain (weapon)
Missiles
 j - a throwing net
Armour
 b - a +0 robe (worn)
 c - a +0 hat (worn)
 f - a +0 cloak (worn)
Jewellery
 p - a ring of poison resistance (left hand)
Wands
 q - a wand of mindburst (7)
 s - a wand of digging (4)
Scrolls
 a - a scroll of torment {unknown}
 d - 2 scrolls of teleportation
 e - a scroll of noise {unknown}
 g - a scroll of enchant weapon
 h - 2 scrolls of amnesia
 i - a scroll of identify
 m - a scroll of acquirement {unknown}
 t - a scroll of magic mapping {unknown}
 v - a scroll of blinking
 w - a scroll of silence {unknown}
Potions
 k - 2 potions of lignification
 l - a potion of might {unknown}
 o - a potion of invisibility {unknown}
 r - a potion of heal wounds {unknown}
 u - a potion of brilliance {unknown}


   Skills:
 * Level 1.2 Fighting
 + Level 2.0 Dodging
 + Level 2.1 Stealth
 + Level 3.5 Spellcasting
 * Level 2.0 Conjurations
 * Level 2.1 Summonings
 * Level 1.9 Translocations
 * Level 1.1 Air Magic
 * Level 1.2 Poison Magic


You had 3 spell levels left.
You knew the following spells:

 Your Spells              Type           Power      Damage    Failure   Level
a - Magic Dart            Conj           44%        1d5       6%          1
b - Call Imp              Summ           12%        N/A       9%          2
c - Blink                 Tloc           N/A        N/A       9%          2
d - Mephitic Cloud        Conj/Pois/Air  9%         N/A       22%         3

Your spell library contained the following spells:

 Spells                   Type           Power      Damage    Failure   Level
 Ensorcelled Hibernation  Hex/Ice        6%         N/A       21%         2
 Slow                     Hex            3%         N/A       21%         2
 Conjure Flame            Conj/Fire      7%         6-21      26%         3
 Spider Form              Tmut/Pois      3%         N/A       30%         3
 Shadow Creatures         Summ           N/A        N/A       100%        6


Dungeon Overview and Level Annotations

Branches:
Dungeon (4/15)
 Temple: D:4-7


Innate Abilities, Weirdness & Mutations

Your attributes grow dramatically as you level up.
You have an increased reservoir of magic. (+10% MP)
You shall have no god before yourself.


Message History

Confirm with . or Enter, or press ? or * to list all spells.
You can't see any susceptible monsters within range! (Use Z to cast anyway.)
There is a strange disturbance nearby!
Casting: Call Imp (safe; 9% risk of failure)
Confirm with . or Enter, or press ? or * to list all spells.
You don't know that spell.
Casting: Call Imp (safe; 9% risk of failure)
Confirm with . or Enter, or press ? or * to list all spells.
Aiming: Magic Dart (safe; 6% risk of failure)
Press: ? - help, Shift-Dir - straight line The magic dart hits something.
You hear some strange, mumbled words.
A puff of flame appears from out of thin air!
The puff of flame hits you!
* * * LOW HITPOINT WARNING * * *
You swap places.
Something closely misses your white imp.
You hear some strange, mumbled words.
Your white imp resists with significant effort.
A magic dart appears from out of thin air!
The magic dart hits your white imp.
Your white imp disappears in a puff of smoke!
There is an open door here.
Your crimson imp appears confused.
Your crimson imp disappears in a puff of smoke!
You are confused.
You bump into the rock wall.
Something tries to affect you, but you resist.
You feel less confused.
A puff of flame appears from out of thin air!
The puff of flame hits you!
* * * LOW HITPOINT WARNING * * *
You hear some strange, mumbled words.
Something tries to affect you, but you resist.
As you open the door, it creaks loudly! Something hits you.
* * * LOW HITPOINT WARNING * * *
You feel drained. Something hits you.
You die...

# ##### .#
#...# ..# #...#
...# #...#
....#
#...#.....#
#..@'.....#
#...#.....#
#...#.....#
#...# ....#
######...#
....#
#........# ...#
#........# ...+
#........#
######........#


There were no monsters in sight!

Vanquished Creatures
  A hound skeleton (D:3)
  A worm (D:3)
  3 dart slugs
  4 orcs
  5 ball pythons
  7 endoplasms
  3 giant cockroaches
  6 goblins
  7 hobgoblins
  A jackal (D:4)
  2 kobolds (D:2)
  3 quokkas
  2 bats
  3 frilled lizards (D:1)
  4 rats
52 creatures vanquished.

Vanquished Creatures (collateral kills)
  An ogre (D:4)
  A centaur (D:7)
  2 hounds (D:4)
  An iguana (D:4)
  3 adders
  3 worms
  An orc (D:7)
  An endoplasm (D:1)
  A goblin (D:4)
  A hobgoblin (D:4)
  3 jackals (D:4)
  A frilled lizard (D:1)
19 creatures vanquished.

Vanquished Creatures (others)
  9 plants (D:2)
9 creatures vanquished.

Grand Total: 80 creatures vanquished

Notes
Turn   | Place    | Note
-------+----------+-------------------------------------------
     0 | D:1      | Ishikawa the Demigod Hedge Wizard began the quest for the
                  | Orb.
     0 | D:1      | Reached XP level 1. HP: 14/14 MP: 6/6
   224 | D:1      | Reached skill level 1 in Summonings
   224 | D:1      | Reached skill level 1 in Translocations
   244 | D:1      | Reached skill level 1 in Conjurations
   464 | D:1      | Reached XP level 2. HP: 20/20 MP: 5/8
   478 | D:1      | Learned a level 2 spell: Call Imp
   481 | D:1      | Learned a level 2 spell: Blink
   874 | D:1      | Reached skill level 3 in Spellcasting
  1840 | D:2      | Reached XP level 3. HP: 26/26 MP: 6/10
  1981 | D:2      | Learned a level 3 spell: Mephitic Cloud
  3670 | D:4      | Reached XP level 4. HP: 31/34 MP: 8/11
  4046 | D:4      | Reached skill level 1 in Fighting
  4080 | D:4      | Reached skill level 1 in Poison Magic
  4100 | D:4      | Noticed an ogre
  4112 | D:4      | Killed an ogre
  4113 | D:4      | Reached skill level 1 in Air Magic
  4113 | D:4      | Reached XP level 5. HP: 40/40 MP: 2/13
  4291 | D:4      | You fall into a shaft and drop 3 floors!
  4291 | D:7      | Noticed a centaur
  4299 | D:7      | Killed a centaur
  4464 | D:7      | Slain by an orc wizard

Illustrated notes

Levels and vault maps discovered:
D:1:      onia_arrival_handbag, layout_loops_cross, minmay_misc_feat_tiny,
          minmay_distorted
D:2:      layout_loops_corners, ebering_ecumenical_altar_hall,
          serial_bayou_ford_a, chequers_serial_rivers_large_b
D:3:      layout_loops_ring
D:4:      layout_loops_ring, mainiacjoe_overflow_brackets,
          amcnicky_mini_rare_corridor_liquid, minmay_fractal_squares_diagonal_5
D:7:      layout_gridville, uniq_joseph, uniq_duvessa

Skill      XL: |  1  2  3  4  5 |
---------------+----------------+-----
Summonings     | 1 2 |  2.1
Translocations | 1 |  1.9
Conjurations   | 1 2 |  2.0
Spellcasting   | 3 |  3.5
Dodging        | 2 |  2.0
Stealth        | 2 |  2.1
Fighting       | 1 |  1.2
Poison Magic   | 1 |  1.2
Air Magic      | 1 |  1.1

Action                   |  1- 3 |  4- 6 || total
-------------------------+-------+-------++-------
Melee: Dagger            |   135 |    32 ||   167
 Cast: Magic Dart        |    55 |     6 ||    61
       Call Imp          |    14 |    20 ||    34
       Mephitic Cloud    |       |     1 ||     1
  Use: Scroll            |     4 |     1 ||     5
 Stab: Sleeping          |     4 |     1 ||     5
       Distracted        |     1 |       ||     1
Armor: Robe              |    29 |     5 ||    34
Dodge: Dodged            |    72 |    20 ||    92
